 Dungeon Crawl Stone Soup version 0.24.0-28-g17ded55e90 (webtiles) character file.

Game seed: 6943373561177555257, levelgen mode: deterministic

942 pppooolll the Skirmisher (level 8, -1/78 HPs)
             Began as a Hill Orc Fighter on Nov 11, 2019.
             Was a Believer of Qazlal.
             Killed by divine providence
             ... invoked by an orc priest
              (11 damage)
             ... on level 5 of the Dungeon.
             The game lasted 00:09:04 (4066 turns).

pppooolll the Skirmisher (Hill Orc Fighter)         Turns: 4066, Time: 00:09:06

Health: -1/78      AC: 12    Str: 20      XL:     8   Next: 12%
Magic:  8/8        EV:  7    Int:  7 (9)  God:    Qazlal [**....]
Gold:   256        SH: 12    Dex:  8 (10) Spells: 7/7 levels left

rFire    . . .     SeeInvis .   o - +2 trident (distort)
rCold    . . .     Gourm    .   c - +0 shield
rNeg     + . .     Faith    .   b - +1 scale mail
rPois    .         Spirit   .   (no helmet)
rElec    .         Reflect  .   (no cloak)
rCorr    .         Harm     .   (no gloves)
MR       .....                  (no boots)
Stlth    ..........             (no amulet)
HPRegen  0.23/turn              w - +4 ring of protection
MPRegen  0.11/turn              n - ring of positive energy

@: very slightly contaminated, invisible
A: claws 1, robust 1, MP-powered wands
a: Upheaval, Renounce Religion


You were on level 5 of the Dungeon.
You worshipped Qazlal.
Qazlal was pleased with you.
You were not hungry.

You visited 1 branch of the dungeon, and saw 5 of its levels.

You collected 256 gold pieces.

Inventory:

Hand Weapons
 a - a +0 war axe
 o - a +2 trident of distortion (weapon)
Armour
 b - a +1 scale mail (worn)
 c - a +0 shield (worn)
Jewellery
 h - an uncursed ring of wizardry
 n - a ring of positive energy (right claw)
 w - a +4 ring of protection (left claw)
Wands
 j - a wand of flame (12)
 x - a wand of polymorph (8)
Scrolls
 e - 6 scrolls of immolation {unknown}
 g - 2 scrolls of enchant weapon {unknown}
 k - 5 scrolls of identify {unknown}
 l - 2 scrolls of fear {unknown}
 m - 4 scrolls of remove curse {unknown}
 p - a scroll of magic mapping {unknown}
 s - a scroll of random uselessness {unknown}
 u - 5 scrolls of teleportation {unknown}
 v - a scroll of fog {unknown}
 y - a scroll of amnesia {unknown}
Potions
 q - a potion of flight
Comestibles
 f - 10 rations


   Skills:
 + Level 6.4 Fighting
 - Level 4.4(5.5) Axes
 + Level 4.1(4.8) Polearms
 + Level 5.8 Armour
 + Level 5.8 Shields


You had 7 spell levels left.
You didn't know any spells.
Your spell library contained the following spells:

 Spells                   Type           Power        Failure   Level  Hunger
 Corona                   Hex            #......      99%         1    ##.....
 Ensorcelled Hibernation  Hex/Ice        #.....       99%         2    ###....
 Confuse                  Hex            #.......     100%        3    ####...
 Dazzling Spray           Conj/Hex       #.....       100%        3    ####...
 Tukima's Dance           Hex            #.......     100%        3    ####...


Dungeon Overview and Level Annotations

Branches:
Dungeon (5/15)
 Temple: D:4-7

Altars:
Cheibriados
Gozag
Qazlal
Uskayaw
Wu Jian
The Shining One

Annotations:
D:4 AlterAsc's ghost, novice VSTm


Innate Abilities, Weirdness & Mutations

You have sharp fingernails.
You are robust. (+10% HP)
You expend magic power (3 MP) to strengthen your wands.


Message History

You kill the ogre!
Qazlal accepts your kill.
You feel your strength returning.
Your Polearms skill increases to level 4!
The orc shouts!
The orc hits you but does no damage.
The orc throws a stone.
You block the stone.
The orc throws a stone.
The stone hits the orc.
The orc hits you with a +0 dagger.
* * * LOW HITPOINT WARNING * * *
Attack whom?
Press: ? - help, Dir - move target cursor, f - orc
Aim: an orc, wielding a +0 dagger (lightly wounded, hasn't noticed you)
Your shield and scale mail prevent you from hitting the orc.
The orc shouts!
The orc is lightly wounded.
The orc shouts!
The orc throws a stone.
The stone hits the orc.
The orc priest mumbles some strange prayers to Beogh against you.
Beogh smites you!
You die...

.......# #......#
#...)..# ......# #.
#...>.#
#.######.....###o#
#.......(°.>......
####.........@o).....
.......###..(.○......
....#...............
...........o...o... .
##.#..))..........
....##...((##(........
#....<.#()(....##...
#.#######(.)........
...).......


You could see an orc priest and 3 orcs.

Vanquished Creatures
  2 ogres
  A big kobold (D:4)
  A crimson imp (D:5)
  A hound (D:5)
  3 orc priests
  3 orc wizards
  An iguana (D:5)
  Natasha (thrice) (D:4)
  2 worker ants (D:4)
  A hound skeleton (D:4)
  4 gnolls (D:5)
  A howler monkey skeleton (D:5)
  8 adders
  2 shadow imps (D:5)
  A worm (D:2)
  2 leopard geckos
  14 orcs
  3 ball pythons
  3 bats
  5 giant cockroaches
  10 goblins
  10 hobgoblins
  8 jackals
  A quokka (D:5)
  4 frilled lizards
  18 kobolds
  10 rats
122 creatures vanquished.

Vanquished Creatures (others)
  A big kobold (D:4)
  An orc wizard (D:4)
  An orc (D:4)
  3 fungi (D:4)
6 creatures vanquished.

Grand Total: 128 creatures vanquished

Notes
Turn   | Place    | Note
-------+----------+-------------------------------------------
     0 | D:1      | pppooolll the Hill Orc Fighter began the quest for the Orb.
     0 | D:1      | Reached XP level 1. HP: 19/19 MP: 1/1
    31 | D:1      | Reached XP level 2. HP: 24/27 MP: 2/2
   294 | D:1      | Reached XP level 3. HP: 31/33 MP: 3/3
   352 | D:1      | Reached skill level 4 in Fighting
   852 | D:2      | Reached XP level 4. HP: 27/40 MP: 4/4
  1240 | D:2      | Found an opulent altar of Gozag.
  1295 | D:2      | Reached XP level 5. HP: 36/47 MP: 5/5
  1304 | D:2      | Found a hide-covered altar of Uskayaw.
  1533 | D:2      | Found an ornate altar of the Wu Jian Council.
  1585 | D:2      | Found a glowing golden altar of the Shining One.
  1742 | D:3      | Found a stormy altar of Qazlal.
  1790 | D:3      | Became a worshipper of Qazlal Stormbringer
  2059 | D:3      | Gained mutation: You are robust. (+10% HP) [potion of
                  | mutation]
  2059 | D:3      | Gained mutation: You have sharp fingernails. [potion of
                  | mutation]
  2059 | D:3      | Gained mutation: You expend magic power (3 MP) to
                  | strengthen your wands. [potion of mutation]
  2059 | D:3      | HP: 2/51 [poisoned by an adder]
  2061 | D:3      | Reached skill level 1 in Polearms
  2082 | D:3      | HP: 2/51 [poisoned by an adder]
  2864 | D:4      | Reached XP level 6. HP: 58/60 MP: 6/6
  2869 | D:4      | Reached skill level 5 in Fighting
  3188 | D:4      | Found a snail-covered altar of Cheibriados.
  3296 | D:4      | Noticed Natasha
  3306 | D:4      | Killed Natasha
  3472 | D:4      | Found a runed translucent gate.
  3473 | D:4      | Found a runed translucent gate.
  3474 | D:4      | Found a runed translucent gate.
  3478 | D:4      | Noticed AlterAsc's ghost (novice VSTm)
  3510 | D:4      | Reached skill level 5 in Armour
  3510 | D:4      | Reached skill level 5 in Shields
  3510 | D:4      | Reached XP level 7. HP: 53/67 MP: 7/7
  3524 | D:4      | Noticed Natasha
  3537 | D:4      | Killed Natasha
  3537 | D:4      | Reached * piety under Qazlal
  3591 | D:4      | Noticed Natasha
  3596 | D:4      | Killed Natasha
  3988 | D:5      | Entered Level 5 of the Dungeon
  4006 | D:5      | Reached skill level 6 in Fighting
  4046 | D:5      | Reached ** piety under Qazlal
  4063 | D:5      | Reached XP level 8. HP: 11/77 MP: 8/8
  4066 | D:5      | Killed from afar by an orc priest

Levels and vault maps discovered:
D:1:      lightli_arrival_quake, layout_basic, minmay_hexomino_f4
D:2:      layout_rooms, eat_drink_and_be_merry_uskayaw,
          lemuel_coloured_pillars_altar, lemuel_doored_altar,
          nicolae_gozag_seed_capital
D:3:      layout_loops_corners, grunt_qazlal_sundering
D:4:      layout_basic, kennysheep_mini, gammafunk_ghost_nasty_kobolds,
          first_ration, abandoned_shop, uniq_natasha
D:5:      layout_rooms, demons_altar, okawaru_altar_gauntlet_db,
          grunt_decor_clamped, chequers_serial_rivers_room_b,
          makhleb_altar_promises_db

Skill      XL: |  1  2  3  4  5  6  7  8 |
---------------+-------------------------+-----
Axes           | 3 4 |  4.4
Fighting       | 4 5 6 |  6.4
Armour         | 4 5 |  5.8
Shields        | 4 5 |  5.8
Polearms       | 1 2 3 4 |  4.1

Action                   |  1- 3 |  4- 6 |  7- 9 || total
-------------------------+-------+-------+-------++-------
Melee: War axe           |   101 |    16 |       ||   117
       Trident           |       |   150 |   100 ||   250
  Use: Potion            |       |     4 |     5 ||     9
       Scroll            |       |       |     2 ||     2
 Stab: Invisible         |       |       |     2 ||     2
  Eat: Chunk             |       |     5 |       ||     5
       Ration            |       |     1 |     1 ||     2
Armor: Scale mail        |    48 |    43 |    57 ||   148
Dodge: Dodged            |    36 |    32 |    30 ||    98
Block: Shield            |    60 |    46 |    74 ||   180
